 Dungeon Crawl Stone Soup version 0.25-a0-302-g9f758675c1 (webtiles) character file.

Game seed: 14403785750627101697, levelgen mode: deterministic

36 MoonlitKnight the Sneak (level 3, -1/27 HPs)
             Began as a Vampire Assassin on Dec 20, 2019.
             Killed from afar by Natasha (3 damage)
             ... with a magic dart
             ... on level 2 of the Dungeon.
             The game lasted 00:02:03 (971 turns).

MoonlitKnight the Sneak (Vampire Assassin)           Turns: 971, Time: 00:02:04

Health: -1/27      AC:  3    Str: 10    XL:     3   Next: 19%
Magic:  3/3        EV: 12    Int: 13    God:
Gold:   49         SH:  4    Dex: 16    Spells: 2/2 levels left

rFire    . . .     SeeInvis +   a - +2 dagger
rCold    . . .     Gourm    .   h - +0 buckler
rNeg     . . .     Faith    .   b - +0 robe
rPois    .         Spirit   .   (no helmet)
rElec    .         Reflect  .   c - +0 cloak
rCorr    .         Harm     .   (no gloves)
MR       .....                  (no boots)
Stlth    +++.......             (no amulet)
HPRegen  0.29/turn              (no ring)
MPRegen  0.08/turn              (no ring)

@: regenerating quickly, slowed, very slow
A: no food, fangs 3, see invisible, unbreathing
a: Exsanguinate


You were on level 2 of the Dungeon.
You were alive.

You visited 1 branch of the dungeon, and saw 2 of its levels.

You collected 49 gold pieces.

Inventory:

Hand Weapons
 a - a +2 dagger (weapon)
 i - a +1 hunting sling of freezing
Missiles
 d - 19 poisoned darts (quivered)
 e - 2 curare-tipped darts
 p - 2 atropa-tipped darts
Armour
 b - a +0 robe (worn)
 c - a +0 cloak (worn)
 h - a +0 buckler (worn)
Scrolls
 f - a scroll of magic mapping {unknown}
 l - 2 scrolls of amnesia {unknown}
 m - a scroll of identify {unknown}
 n - a scroll of noise {unknown}
 o - a scroll of remove curse {unknown}
Potions
 g - 2 potions of haste {unknown}
 j - a potion of curing {unknown}
 k - a potion of flight {unknown}


   Skills:
 + Level 2.1 Fighting
 * Level 2.9 Short Blades
 - Level 1.5 Throwing
 + Level 1.6 Dodging
 + Level 6.2 Stealth
 + Level 0.7 Shields


You had 2 spell levels left.
You didn't know any spells.
Your spell library was empty.

Dungeon Overview and Level Annotations

Branches:
Dungeon (2/15)

Altars:
Ashenzari

Annotations:
D:2 Natasha


Innate Abilities, Weirdness & Mutations

You do not eat.
Your natural rate of healing is unusually fast.
You have razor-sharp teeth.
You have supernaturally acute eyesight. (SInv)
You can survive without breathing.


Message History

The bat hits you but does no damage. The crimson imp hits you.
* * * LOW HITPOINT WARNING * * *
The shadow imp hits you.
* * * LOW HITPOINT WARNING * * *
You block Natasha's attack. The bat closely misses you.
The crimson imp hits you.
* * * LOW HITPOINT WARNING * * *
You hit Natasha.
Natasha is severely wounded.
The bat closely misses you. The bat hits you.
* * * LOW HITPOINT WARNING * * *
The shadow imp barely misses you. Natasha barely misses you.
The crimson imp hits you but does no damage.
The bat hits you but does no damage. The shadow imp closely misses you.
You hit Natasha.
Natasha is almost dead.
The bat closely misses you. x2
Natasha casts a spell at you. The magic dart hits you.
You die...

#..##.........# #
#..##.##...#..###
#.###..##.##.........
....!................
......##.##...#..###
....#.#.#..<.............
....#.#.#..............w.
....#.#.#..#####bh.......
....#.#.#>.# #@5.......
^.....#.#..# #5....#.#.
......#.#..#####.....# #
.......................#
......(.................
###.###..........#.......
#.# ############...###.
#.# #... #.#


You could see a worm (sleeping), Natasha, a crimson imp, a shadow imp and a bat.

Vanquished Creatures
  2 dart slugs
  A leopard gecko (D:2)
  5 bats
  3 goblins
  4 hobgoblins
  3 jackals (D:1)
  A ball python (D:2)
  3 frilled lizards
  5 kobolds
  3 rats (D:1)
30 creatures vanquished.

Notes
Turn   | Place    | Note
-------+----------+-------------------------------------------
     0 | D:1      | MoonlitKnight the Vampire Assassin began the quest for the
                  | Orb.
     0 | D:1      | Reached XP level 1. HP: 16/16 MP: 1/1
   324 | D:1      | Reached skill level 6 in Stealth
   362 | D:1      | Reached XP level 2. HP: 22/22 MP: 2/2
   805 | D:2      | Reached XP level 3. HP: 26/27 MP: 3/3
   944 | D:2      | Found a shattered altar of Ashenzari.
   958 | D:2      | Noticed Natasha
   971 | D:2      | Killed from afar by Natasha

Levels and vault maps discovered:
D:1:      wheals_arrival_linesprint, layout_basic
D:2:      layout_basic, ashenzari_conservatory_becter, lemuel_crystal_altar,
          nemelex_dance_club_becter, uniq_natasha

Skill      XL: |  1  2 |
---------------+-------+-----
Stealth        | 6 |  6.2
Fighting       | 2 |  2.1
Short Blades   | |  2.9
Throwing       | |  1.5
Dodging        | |  1.6
Shields        | |  0.7

Action                   || total
-------------------------++-------
Melee: Dagger            ||    88
       Bite              ||     8
 Stab: Sleeping          ||    11
Armor: Robe              ||    20
Dodge: Dodged            ||    64
Block: Buckler           ||     4

Table legend:
 A = Non-vault XP
 B = Vault XP
 C = Vault XP percentage of total XP
 D = Non-vault monster count
 E = Vault monster count
 F = Vault count percentage of total count
                 A         B        C        D         E       F
            +---------+---------+-------+---------+---------+-------
      Total |      52 |       0 |   0.0 |      30 |       0 |   0.0
            +---------+---------+-------+---------+---------+-------
        D:1 |      33 |       0 |   0.0 |      20 |       0 |   0.0
        D:2 |      19 |       0 |   0.0 |      10 |       0 |   0.0
            +---------+---------+-------+---------+---------+-------
